 Dungeon Crawl Stone Soup version 0.30-a0-939-gc8157cb160 (webtiles) character file.

Game seed: 8191931964079604449

2985146 Zonian the Slayer (level 27, 171/171 HPs)
             Began as a Vine Stalker Gladiator on Mar 19, 2023.
             Was a High Priest of Ashenzari.
             Escaped with the Orb
             ... and 5 runes on Mar 25, 2023!
             The game lasted 05:04:24 (78308 turns).

Zonian the Slayer (Vine Stalker Gladiator)         Turns: 78308, Time: 05:04:25

Health: 171/171    AC: 36    Str: 30    XL:     27
Magic:  42/42      EV: 16    Int: 10    God:    Ashenzari [*****.]
Gold:   1600       SH:  9    Dex: 22    Spells: 73/73 levels left

rFire   + + +      SeeInvis +      - Unarmed
rCold   + . .      Faith    .    a - +0 buckler of the Manifest Shame {rElec rF+++ rC- Regen+, Fort, Comp} (curse)
rNeg    . . .      Spirit   +    J - +6 gold dragon scales of Ashenzari's Planets {rPois rF+ rC+ Int+3, Alch, Evo} (curse)
rPois   +          Reflect  .    i - +0 mask of the Dragon {Will+ Slay+3 SInv, Comp, Fort} (curse)
rElec   +          Rampage  .    k - scarf of Ashenzari's Visionary {rC+ rF+, Bglg, Self} (curse)
rCorr   .          Clarity  +    e - +1 pair of gloves of Star-Bound Wisdom {Dex+3, Fort, Range} (curse)
Will    +++++                    b - +2 pair of boots "Stickiness of Ashenzari" {Fly, Comp, Fort} (curse)
Stlth   +                        Y - necklace of Bloodlust {Fury *Rage Will++ Int-3 Slay+6, Cun, Comp} (curse)
HPRegen 2.08/turn                E - ring of Shadows {Umbra +Inv Stlth+, Melee, Evo} (curse)
MPRegen 0.28/turn                s - ring "Bound With Me" {+Blink rF+++ Will+ MP-9 Str+6, Bglg, Fort} (curse)

@: flying, wreathed by umbra
A: fangs 3, regeneration 1, magic shield, antimagic bite, no potion heal 2,
shaggy fur 1, weak 1
0: Orb of Zot
}: 5/15 runes: decaying, slimy, silver, abyssal, gossamer
a: Renounce Religion, Evoke Blink, Evoke Invisibility, Curse Item, Shatter the
Chains


You escaped.
You worshipped Ashenzari.
Ashenzari was extremely pleased with you.
You visited 13 branches of the dungeon, and saw 57 of its levels.
You visited the Abyss 1 time.
You visited 1 bazaar.
You visited 1 ziggurat, and saw 7 of its levels.
You also visited: Bailey.

You collected 9657 gold pieces.
You spent 8057 gold pieces at shops.

Inventory:

Hand Weapons
 N - the +8 Vampire's Tooth {megavamp}
   (You found it on level 3 of the Elven Halls)
Missiles
 m - 8 javelins
 r - 2 boomerangs (quivered)
 F - 3 silver javelins
 Z - 4 curare-tipped darts
Armour
 a - the cursed +0 buckler of the Manifest Shame (worn) {rElec rF+++ rC- Regen+, Fort, Comp}
   (You bought it in a shop in a bazaar)

   rF:        It renders you almost immune to fire.
   rC:        It makes you vulnerable to cold.
   rElec:     It insulates you from electricity.
   Regen:     It increases your rate of health regeneration.
   It has a curse which improves the following skills: Fortitude: Armour and
   Shields.
   Companions: Summonings and Necromancy.
 b - the cursed +2 pair of boots "Stickiness of Ashenzari" (worn) {Fly, Comp, Fort}
   (You found it on level 1 of the Crypt)

   It has a curse which improves the following skills: Companions: Summonings
   and Necromancy.
   Fortitude: Armour and Shields.
 e - the cursed +1 pair of gloves of Star-Bound Wisdom (worn) {Dex+3, Fort, Range}
   (You bought it in a shop in a bazaar)

   It has a curse which improves the following skills: Fortitude: Armour and
   Shields.
   Ranged Combat: Ranged Weapons and Throwing.
 i - the cursed +0 mask of the Dragon (worn) {Will+ Slay+3 SInv, Comp, Fort}
   (You found it on level 3 of the Crypt)

   Slay:      It affects your accuracy & damage with ranged weapons and melee
   (+3).
   SInv:      It lets you see invisible.
   Will:      It increases your willpower.
   It has a curse which improves the following skills: Companions: Summonings
   and Necromancy.
   Fortitude: Armour and Shields.
 k - the cursed scarf of Ashenzari's Visionary (worn) {rC+ rF+, Bglg, Self}
   (You found it on level 4 of the Spider Nest)

   It has a curse which improves the following skills: Beguiling: Conjurations,
   Hexes and Translocations.
   Introspection: Fighting and Spellcasting.
 J - the cursed +6 gold dragon scales of Ashenzari's Planets (worn) {rPois rF+ rC+ Int+3, Alch, Evo}
   (You bought it in a shop on level 4 of the Vaults)

   Int:       It affects your intelligence (+3).
   rF:        It protects you from fire.
   rC:        It protects you from cold.
   rPois:     It protects you from poison.
   It has a curse which improves the following skills: Alchemy: Poison Magic and
   Transmutations.
   Evocations: Evocations.
Jewellery
 c - the ring of the Tortoise {AC+8}
   (You found it on level 3 of a ziggurat)

   [ring of protection]

   AC:        It affects your AC (+8).
 s - the cursed ring "Bound With Me" (right hand) {+Blink rF+++ Will+ MP-9 Str+6, Bglg, Fort}
   (You found it on level 5 of the Pits of Slime)

   [ring of strength]

   Str:       It affects your strength (+6).
   rF:        It renders you almost immune to fire.
   MP:        It affects your magic capacity (-9).
   +Blink:    It lets you blink.
   Will:      It increases your willpower.
   It has a curse which improves the following skills: Beguiling: Conjurations,
   Hexes and Translocations.
   Fortitude: Armour and Shields.
 E - the cursed ring of Shadows (left hand) {Umbra +Inv Stlth+, Melee, Evo}
   (You bought it in a shop on level 8 of the Dungeon)

   [ring of stealth]

   Umbra:     It surrounds you with an aura of shadow, increasing your stealth
   and reducing the accuracy of all others within it.
   +Inv:      It lets you turn invisible.
   Stlth:     It makes you more stealthy.
   It has a curse which improves the following skills: Melee Combat: Short
   Blades, Long Blades, Axes, Maces & Flails, Polearms, Staves and Unarmed
   Combat.
   Evocations: Evocations.
 Y - the cursed necklace of Bloodlust (around neck) {Fury *Rage Will++ Int-3 Slay+6, Cun, Comp}
   (You found it on level 1 of the Orcish Mines)

   [amulet of nothing]

   Fury:      It extends the wearer's berserk rage when killing foes.
   Int:       It affects your intelligence (-3).
   Slay:      It affects your accuracy & damage with ranged weapons and melee
   (+6).
   *Rage:     It berserks you when you make melee attacks (+50% chance).
   Will:      It greatly increases your willpower.
   It has a curse which improves the following skills: Cunning: Dodging and
   Stealth.
   Companions: Summonings and Necromancy.
Wands
 d - a wand of roots (16)
 D - a wand of digging (19)
 H - a wand of flame (69)
 O - a wand of mindburst (22)
 V - a wand of light (13)
Scrolls
 g - 12 scrolls of fog
 h - 8 scrolls of immolation
 l - 17 scrolls of magic mapping
 v - 7 scrolls of poison
 C - 16 scrolls of teleportation
 M - 2 scrolls of butterflies
 P - 3 scrolls of silence
 Q - 5 scrolls of blinking
 T - 4 scrolls of fear
Potions
 f - 8 potions of haste
 n - 20 potions of flight
 o - 29 potions of curing
 p - 10 potions of resistance
 q - a potion of invisibility
 w - 11 potions of brilliance
 z - 4 potions of cancellation
 G - 7 potions of ambrosia
 K - 3 potions of berserk rage
 X - 6 potions of magic
Miscellaneous
 t - a box of beasts (inert)
 u - the horn of Geryon
 B - a phantom mirror
 I - a phial of floods
 L - a lightning rod (4/4)
 S - a condenser vane
 W - a tin of tremorstones (2/2)


   Skills:
 - Level 24.5(26.3) Fighting
 - Level 5.8(8.0) Short Blades
 - Level 12.9(14.9) Throwing
 - Level 14.5(20.3) Armour
 - Level 12.8(14.8) Dodging
 + Level 18.9(20.8) Stealth
 - Level 10.9(16.7) Shields
 - Level 23.1(24.9) Unarmed Combat
 + Level 21.9(23.7) Spellcasting
 - Level 9.4(12.5) Conjurations
 - Level 12.9(16.0) Evocations


You had 73 spell levels left.
You didn't know any spells.
Your spell library contained the following spells:

 Spells                   Type           Power      Damage    Failure   Level
 Magic Dart               Conj           100%       1d8       1%          1
 Searing Ray              Conj           74%        2d7       1%          2
 Kiss of Death            Conj/Necr      100%       2d13      2%          1
 Shock                    Conj/Air       96%        1d9       2%          1
 Static Discharge         Conj/Air       48%        2-4/arc   4%          2
 Iskenderun's Battlesphe  Conj           37%        2d9       6%          5
 Hailstorm                Conj/Ice       24%        3d7       9%          3
 Stone Arrow              Conj/Erth      48%        3d10      9%          3
 Necrotise                Necr           52%        1d6       26%         1
 Summon Small Mammal      Summ           52%        N/A       26%         1
 Fulminant Prism          Conj/Hex       12%        3d9       26%         4
 Flame Wave               Conj/Fire      24%        2d8       28%         4
 Sticky Flame             Conj/Fire      24%        2d5       28%         4
 Apportation              Tloc           24%        N/A       30%         1
 Slow                     Hex            48%        N/A       30%         1
 Beastly Appendage        Tmut           24%        N/A       32%         1
 Sting                    Tmut/Pois      48%        1d5       32%         1
 Blink                    Tloc           24%        N/A       43%         2
 Cigotuvi's Dreadful Rot  Necr/Pois/Air  24%        N/A       43%         2
 Ensorcelled Hibernation  Hex/Ice        24%        N/A       45%         2
 Wereblood                Tmut           12%        N/A       45%         2
 Passwall                 Tmut/Erth      10%        N/A       47%         2
 Scorch                   Fire           22%        2d6       50%         2
 Arcjolt                  Conj/Air       12%        1d22      61%         5
 Call Canine Familiar     Summ           13%        N/A       63%         3
 Vampiric Draining        Necr           13%        2d6       63%         3
 Summon Guardian Golem    Hex/Summ       13%        N/A       65%         3
 Confusing Touch          Hex            12%        N/A       67%         3
 Portal Projectile        Hex/Tloc       24%        N/A       67%         3
 Tukima's Dance           Hex            12%        N/A       67%         3
 Spider Form              Tmut/Pois      12%        N/A       69%         3
 Ignite Poison            Fire/Tmut/Pois 12%        N/A       71%         3
 Kindle Blastsparks       Fire/Tloc/Air  24%        2d12      71%         3
 Vhi's Electric Charge    Tloc/Air       24%        N/A       71%         3
 Frozen Ramparts          Ice            22%        1d4       73%         3
 Swiftness                Air            11%        N/A       73%         3
 Freezing Cloud           Conj/Ice/Air   10%        6-21      88%         5
 Animate Dead             Necr           13%        N/A       95%         4
 Dispel Undead            Necr           13%        3d9       95%         4
 Anguish                  Hex/Necr       6%         N/A       96%         4
 Cause Fear               Hex            6%         N/A       97%         4
 Manifold Assault         Tloc           12%        N/A       97%         4
 Olgreb's Toxic Radiance  Pois           12%        N/A       97%         4
 Passage of Golubria      Tloc           12%        N/A       97%         4
 Summon Ice Beast         Ice/Summ       12%        N/A       97%         4
 Summon Lightning Spire   Summ/Air       12%        N/A       97%         4
 Ice Form                 Ice/Tmut       12%        N/A       98%         4
 Leda's Liquefaction      Hex/Erth       6%         N/A       98%         4
 Petrify                  Tmut/Erth      12%        N/A       98%         4
 Iron Shot                Conj/Erth      12%        9d3       99%         6
 Agony                    Necr           13%        N/A       100%        5
 Alistair's Intoxication  Tmut/Pois      8%         N/A       100%        5
 Blade Hands              Tmut           6%         N/A       100%        5
 Borgnjor's Vile Clutch   Necr/Erth      6%         N/A       100%        5
 Metabolic Englaciation   Hex/Ice        6%         N/A       100%        5
 Plasma Beam              Fire/Air       5%         2x1d17    100%        5
 Silence                  Hex/Air        6%         N/A       100%        5
 Summon Forest            Summ/Tloc      6%         N/A       100%        5
 Summon Mana Viper        Hex/Summ       13%        N/A       100%        5
 Yara's Violent Unravell  Hex/Tmut       6%         3d5       100%        5
 Death Channel            Necr           6%         N/A       100%        6
 Dispersal                Tloc           6%         N/A       100%        6
 Eringya's Noxious Bog    Tmut/Pois      6%         N/A       100%        6
 Simulacrum               Ice/Necr       6%         N/A       100%        6
 Statue Form              Tmut/Erth      8%         N/A       100%        6
 Summon Cactus Giant      Summ           6%         N/A       100%        6
 Dragon Form              Tmut           6%         N/A       100%        7
 Enfeeble                 Hex            6%         N/A       100%        7
 Haunt                    Necr/Summ      6%         N/A       100%        7
 Malign Gateway           Summ/Tloc      6%         N/A       100%        7
 Monstrous Menagerie      Summ           6%         N/A       100%        7
 Ozocubu's Refrigeration  Ice            5%         4d8       100%        7
 Spellforged Servitor     Conj/Summ      12%        N/A       100%        7
 Storm Form               Tmut/Air       6%         N/A       100%        7
 Summon Hydra             Summ           6%         N/A       100%        7
 Borgnjor's Revivificati  Necr           6%         N/A       100%        8
 Disjunction              Tloc           6%         N/A       100%        8
 Ignition                 Fire           5%         3d4       100%        8
 Infestation              Necr           6%         N/A       100%        8
 Lehudib's Crystal Spear  Conj/Erth      12%        10d4      100%        8
 Maxwell's Capacitive Co  Air            5%         ∞         100%        8
 Necromutation            Tmut/Necr      6%         N/A       100%        8
 Summon Horrible Things   Summ           6%         N/A       100%        8
 Death's Door             Necr           6%         N/A       100%        9
 Dragon's Call            Summ           6%         N/A       100%        9
 Polar Vortex             Ice            5%         N/A       100%        9


Dungeon Overview and Level Annotations

Branches:
Dungeon (15/15)            Temple (1/1) D:5            Lair (5/5) D:8
  Swamp (4/4) Lair:2       Spider (4/4) Lair:3        Slime (5/5) Lair:5
    Orc (2/2) D:12            Elf (3/3) Orc:2        Vaults (5/5) D:14
  Crypt (3/3) Vaults:2       Tomb (0/3) Crypt:3      Depths (4/4) D:15
   Hell (visited)             Dis (0/7) Hell            Geh (0/7) Hell
    Coc (0/7) Hell            Tar (0/7) Hell            Zot (5/5) Depths:4
 Bailey (visited)

Altars:
Ashenzari
Cheibriados
Dithmenos
Elyvilon
Fedhas
Gozag
Hepliaklqana
Kikubaaqudgha
Makhleb
Nemelex Xobeh
Okawaru
Qazlal
Ru
Sif Muna
Trog
Uskayaw
Vehumet
Wu Jian
Xom
Yredelemnul
Zin
The Shining One
Jiyva

Shops:
D:8 [*   D:15 ?   Orc:2 [[=[!=!   Elf:1 =   Vaults:4 [   Vaults:5 !????
Depths:1 :=:

Portals:
Hell: Depths:1 Depths:2 Depths:3 Depths:4
Abyss: Depths:1 Depths:3 Depths:4
Pandemonium: Depths:2 Depths:4
Trove: D:12 (give 2 scrolls of acquirement)

Annotations:
D:2 1 runed translucent door, Crazy Yiuf
D:4 Sigmund
D:14 exclusion: 2 ice statues
D:15 exclusion: ice dragon
Elf:1 4 transporters
Elf:2 exclusion: orange crystal statue
Zot:1 3 runed translucent doors, Wysooluir's ghost, veteran OgBe
Zot:3 2 transporters, exclusion: obsidian statue


Innate Abilities, Weirdness & Mutations

You have razor-sharp teeth.
Your natural rate of healing is unusually fast.
When hurt, damage is shared between your health and your magic reserves.
Your bite disrupts and absorbs the magic of your enemies.
Potions cannot restore your health.
You are covered in fur. (AC +1)
You are weak. (Str -2)


Message History

There is a stone staircase leading up here.
You fly upwards.
Level annotation: 1 runed translucent door, Crazy Yiuf
There is a stone staircase leading down here.
(D) Dungeon (T) Temple (L) Lair (S) Swamp (N) Spider Nest (M) Slime Pits (O) Orcish Mines (E) Elven Halls (V) Vaults (C) Crypt (W) Tomb (U) Depths (H) Hell (I) Dis (G) Gehenna (X) Cocytus (Y) Tartarus (Z) Zot
Where to? (Enter - D:2, ? - help)
You sense a monster nearby.
An Orb Guardian comes into view.
You block the Orb Guardian's attack.
You hit the Orb Guardian but do no damage.
Your bite misses the Orb Guardian. You hit the Orb Guardian.
You bite the Orb Guardian. You drain its power.
The Orb Guardian is lightly wounded.
The Orb Guardian hits you!
You punch the Orb Guardian! Your bite misses the Orb Guardian.
The Orb Guardian is lightly wounded.
You block the Orb Guardian's attack.
You pulverise the Orb Guardian!!!
You bite the Orb Guardian!
You kill the Orb Guardian!
There is a stone staircase leading up here.
HP restored.
You fly upwards.
There is a stone staircase leading down here.
You see here a +0 falchion.
A smoke demon comes into view.
The smoke demon completely misses you. The smoke demon barely misses you.
The smoke demon closely misses you.
You pummel the smoke demon!! You bite the smoke demon.
You kill the smoke demon!
No target in view!
You are flying.
You are wreathed by an umbra.
Your flying speed is average.
Your attack delay is about 0.5.
Your damage rating with unarmed combat is about 67 (Base [3 + 24 (UC)] x 150% (Str) x 143% (Fight) + 9 (Slay)).
Your base attributes are Str 26, Int 10, Dex 19.
There is a staircase leading out of the dungeon here.
You have escaped!

.## #.#.#.#..#..##...)..........
## #.#.#.....#.#...############
#.#...#...#.........###
#......####......##...#
###.#...........####..#
########.............##.##.#
............###.##X....##..#
#....#.....##.....#........#
.....#....#.....@.##.......###
#....#.....##.....#..........#
............###.##.....##..#.#
#....................##.##.#.#
.....................####..#.#
#.........).####......##..)#.###
#..........#...#...........#...#
#..............#.###########.#.#
#..........#..#..# #.#†#


You could see an Orb Guardian (wandering).

Vanquished Creatures
  the Royal Jelly (Slime:5)
  A seraph (D:9)
  Tiamat (Zot:2)
  4 ancient liches
  A dread lich (Zig:7)
  2 orbs of fire
  2 pandemonium lords
  Vv (Crypt:3)
  2 Killer Klowns (Zot:5)
  Frederick (Vaults:2)
  Xtahua (Vaults:2)
  Geryon (Hell)
  Nikola (Swamp:1)
  4 curse toes
  8 golden dragons
  A profane servitor (Crypt:3)
  Arachne (Spider:4)
  A Brimstone Fiend (D:12)
  Rupert (Orc:2)
  6 electric golems
  2 bone dragons
  A shard shrike skeleton (Crypt:1)
  10 tentacled monstrosities
  Jorgrun (Swamp:3)
  3 liches
  A tainted leviathan (Hell)
  24 Orb Guardians
  A deep elf master archer (Elf:3)
  Asterion (Spider:4)
  5 deep elf blademasters
  14 acid blobs
  6 quicksilver dragons
  5 titans
  12 ancient champions
  5 tentacled starspawn
  4 sphinxes
  4 death cobs
  15 shadow dragons
  Agnes (Spider:1)
  7 draconian monks
  Gastronok (Lair:2)
  15 storm dragons
  6 tengu reavers
  7 azure jellies
  A thorn hunter (Swamp:4)
  4 revenants
  9 rockslimes
  6 fire giants
  12 frost giants
  A nagaraja (Zig:6)
  A fenstrider witch (Swamp:2)
  13 deep elf sorcerers
  An azure jelly (shapeshifter) (Vaults:5)
  An iron dragon (Depths:2)
  22 vault wardens
  2 daevas (D:9)
  2 balrugs (Depths:3)
  4 emperor scorpions
  Louise (Spider:3)
  An angel (D:5)
  12 ghouls
  4 draconian knights
  7 draconian scorchers
  9 draconian shifters
  5 orc warlords
  7 ghost moths
  5 deep elf elementalists
  23 ironbound preservers
  32 very ugly things
  2 spriggan defenders
  5 draconian annihilators
  3 draconian stormcallers
  20 stone giants
  10 reapers
  The ghost of Qook the Warrior, a journeyman MiBe of Trog (Lair:3)
  12 quicksilver oozes
  3 cacodemons
  5 war gargoyles
  7 deep elf demonologists
  3 broodmothers
  13 dire elephants
  8 vampire knights
  9 ironbound thunderhulks
  Nessos (Orc:2)
  9 red draconians
  15 green draconians
  Azrael (D:15)
  12 black draconians
  3 lorocyprocas
  15 yellow draconians
  9 eleionomae
  6 putrid mouths
  5 bunyips
  13 deep elf annihilators
  5 spark wasps
  6 white draconians
  13 purple draconians
  2 iron golems
  The ghost of bande the Cleaver, a journeyman GrFi of Okawaru (Lair:5)
  2 ettins (shapeshifter)
  A blizzard demon (Depths:4)
  8 deep elf death magi
  4 mummy priests
  8 eidola
  23 jiangshi
  Josephine (D:10)
  6 entropy weavers
  5 green deaths
  A shambling mangrove (Swamp:4)
  18 yaktaur captains
  21 ettins
  6 fire dragons
  8 ice dragons
  A quicksilver dragon skeleton (Depths:2)
  4 deep elf high priests
  10 great orbs of eyes
  5 jorogumos
  32 vault guards
  A hell beast (Depths:3)
  18 hydras
  A peacekeeper (Vaults:1)
  7 spriggan air magi
  A juggernaut simulacrum (Depths:2)
  A catoblepas (D:10)
  11 rakshasas
  2 salamander tyrants (Zig:6)
  5 ghost crabs
  20 centaur warriors
  27 two-headed ogres
  2 death knights
  9 ogre magi
  12 vampire magi
  8 boulder beetles
  A radroach (Spider:2)
  7 tengu warriors
  9 alligators
  14 ironbound frosthearts
  6 death yaks
  5 deep troll shamans
  24 dancing weapons
  A death scarab (Zig:4)
  An orc high priest (Orc:1)
  11 deep troll earth magi
  2 naga sharpshooters (Zig:6)
  A titan zombie (Depths:2)
  2 shock serpents (Zig:6)
  10 spriggan berserkers
  4 thrashing horrors
  13 hell knights
  A shock serpent (shapeshifter) (Zig:7)
  5 wretched stars
  A fire crab (shapeshifter) (Elf:1)
  A titan skeleton (Crypt:3)
  15 deep elf knights
  9 iron trolls
  10 sun demons
  5 soul eaters
  34 skeletal warriors
  Amaemon (Lair:2)
  4 shadow wraiths
  4 sixfirhies
  8 pharaoh ants
  6 sun moths
  A skyshark (Lair:3)
  4 spectral death yaks (Lair:5)
  74 deep trolls
  An iron giant zombie (Abyss:2)
  7 glowing orange brains
  A spectral anaconda (Lair:5)
  14 orb spiders
  3 goliath frogs
  4 spectral hydras (Lair:5)
  7 flayed ghosts
  6 spriggan druids
  A storm dragon skeleton (Crypt:3)
  9 swamp dragons
  2 anaconda skeletons (Hell)
  3 anaconda zombies
  2 shadow demons
  13 wizards
  2 obsidian statues
  2 orange crystal statues (Zig:3)
  11 phantasmal warriors
  4 harpies (Vaults:5)
  7 bog bodies
  11 lindwurms
  11 necromancers
  17 ironbound convokers
  A harpy (shapeshifter) (Depths:3)
  26 deep elf zephyrmancers
  9 deep elf archers
  15 orc knights
  10 steelbarb worms
  A golden dragon skeleton (Crypt:2)
  31 deep elf pyromancers
  A sphinx skeleton (Crypt:2)
  5 orc sorcerers
  A shadow dragon skeleton (Depths:2)
  48 ugly things
  4 human zombies
  22 wolf spiders
  2 shining eyes
  A stone giant zombie (Vaults:2)
  4 will-o-the-wisps
  A glowing shapeshifter (Depths:4)
  A manticore (D:15)
  3 oklob plants (Lair:5)
  29 moths of wrath
  7 cyclopes
  A salamander (shapeshifter) (Elf:1)
  A shining eye (shapeshifter) (Zig:2)
  28 elephants
  A cyclops (shapeshifter) (Zig:7)
  A dire elephant zombie (Lair:5)
  18 vault sentinels
  A naga zombie (Abyss:2)
  A black mamba (Lair:5)
  9 rust devils
  A titan simulacrum (Vaults:2)
  2 centaur zombies (Crypt:3)
  3 torpor snails
  2 gargoyles
  9 demonic crawlers
  13 smoke demons
  An eye of devastation (Slime:5)
  4 molten gargoyles
  12 cane toads
  4 apocalypse crabs (Swamp:2)
  3 orange demons
  2 ice statues (Zig:3)
  An elf skeleton (Vaults:2)
  4 centaur skeletons (D:14)
  2 hellions
  3 kobold demonologists
  6 rime drakes
  8 freezing wraiths
  A sea snake zombie (Hell)
  An unseen horror (shapeshifter) (Elf:1)
  12 komodo dragons
  2 efreet
  A tormentor (Depths:3)
  25 yaktaurs
  5 guardian mummies
  10 ice devils
  A red devil (Depths:4)
  2 tengu conjurers
  7 meliai
  A polar bear (Lair:4)
  16 trolls
  2 ancient zymes (Abyss:2)
  23 tarantellas
  A bloated husk (Swamp:2)
  2 silent spectres
  17 blink frogs
  2 hellwings
  9 tyrant leeches
  14 hornets
  A satyr zombie (Crypt:2)
  A blink frog (shapeshifter) (Vaults:5)
  A radroach zombie (Crypt:2)
  2 hydra skeletons (Hell)
  A raiju (Abyss:3)
  A spectral elephant (Lair:5)
  7 dream sheep (Lair:4)
  A tarantella (shapeshifter) (Elf:3)
  2 dream sheep (shapeshifter)
  A stone giant simulacrum (Crypt:3)
  3 water elementals
  27 jumping spiders
  2 ushabtiu (Crypt:3)
  A fire dragon skeleton (Crypt:2)
  2 satyr skeletons
  10 wraiths
  8 ynoxinuls
  12 flying skulls
  13 spriggans
  13 large abominations
  3 shadows
  2 wyverns
  63 slime creatures
  28 culicivoras
  An alligator skeleton (Hell)
  19 starcursed masses
  A black mamba skeleton (Crypt:1)
  A naga simulacrum (Crypt:3)
  Eustachio (D:5)
  An air elemental (Elf:3)
  2 basilisks
  A spectral komodo dragon (Lair:5)
  4 fire elementals (D:15)
  23 yaks
  3 golden eyes (Abyss:2)
  A steam dragon (D:10)
  3 chaos spawn
  A death yak simulacrum (Lair:5)
  4 neqoxecs
  60 redbacks
  15 vampire mosquitoes
  A sea snake simulacrum (Hell)
  12 wargs
  2 nagas (Zig:6)
  13 swamp worms
  A spectral cane toad (Lair:5)
  A swamp worm (shapeshifter) (Zig:7)
  2 hydra simulacra (Lair:3)
  15 hell hounds
  15 water moccasins
  5 swamp drakes
  4 human skeletons
  A two-headed ogre skeleton (Crypt:3)
  3 sky beasts
  2 glowing shapeshifter skeletons
  A floating eye (Abyss:3)
  47 orc warriors
  2 black bears
  An ogre (shapeshifter) (Vaults:5)
  A dream sheep zombie (Crypt:1)
  12 small abominations
  A boulder beetle simulacrum (Lair:3)
  8 centaurs
  28 ogres
  9 boggarts
  3 elephant skeletons (Lair:5)
  4 phantoms
  An elf zombie (Elf:1)
  2 kobold brigands
  9 bullfrogs
  3 gnoll sergeants
  A bullfrog (shapeshifter) (D:10)
  2 necrophages (Crypt:3)
  A cane toad simulacrum (Lair:3)
  3 scorpions
  19 wights
  A troll zombie (Crypt:2)
  4 elephant simulacra
  A yak skeleton (Crypt:3)
  4 electric eels
  5 howler monkeys
  A komodo dragon simulacrum (Lair:3)
  3 quasits
  7 hounds
  21 orc priests
  3 iron imps
  4 jellies
  A sleepcap (D:6)
  2 iguanas (D:5)
  29 orc wizards
  A centaur simulacrum (D:10)
  A basilisk simulacrum (Lair:3)
  A tengu skeleton (Crypt:3)
  22 mummies
  28 gnolls
  10 adders
  A swamp drake zombie (Crypt:1)
  4 shadow imps
  4 white imps
  4 ufetubi
  A lava snake zombie (Crypt:1)
  A lava snake skeleton (Crypt:1)
  A worm (D:4)
  A dart slug (D:1)
  91 orcs
  8 endoplasms
  3 giant cockroaches
  20 goblins
  23 hobgoblins
  15 jackals
  5 quokkas
  7 ball pythons
  2 bats
  A dart slug zombie (Crypt:1)
  2 frilled lizards
  A gnoll skeleton (Crypt:1)
  A jackal skeleton (Crypt:2)
  14 kobolds
  3 lurking horrors (Abyss:2)
  7 starspawn tentacles
2782 creatures vanquished.

Vanquished Creatures (collateral kills)
  A manticore (D:14)
  A small abomination (Zot:3)
  An ogre (D:14)
  A mummy (Crypt:3)
4 creatures vanquished.

Vanquished Creatures (others)
  A deep elf archer (Elf:1)
  2 deep elf pyromancers (Orc:1)
  A deep elf zephyrmancer (Elf:1)
  A bloated husk (Swamp:1)
  A chaos spawn (Depths:3)
  A redback (Spider:1)
  A spectral cane toad (Lair:5)
  An orc warrior (Orc:1)
  2 bushes
  9 foxfires
  15 fungi
  28 plants
  5 starspawn tentacles
  18 withered plants (Lair:5)
86 creatures vanquished.

Grand Total: 2872 creatures vanquished

Notes
Turn   | Place    | Note
-------+----------+-------------------------------------------
     0 | D:1      | Zonian the Vine Stalker Gladiator began the quest for the
                  | Orb.
     0 | D:1      | Reached XP level 1. HP: 11/11 MP: 2/2
   135 | D:1      | Found a faded altar of an unknown god.
   158 | D:1      | Reached skill level 2 in Fighting
   158 | D:1      | Reached XP level 2. HP: 13/15 MP: 3/3
   442 | D:1      | Reached XP level 3. HP: 9/18 MP: 4/4
  1721 | D:1      | Gained mutation: Your natural rate of healing is unusually
                  | fast. [Vine Stalker growth]
  1721 | D:1      | Reached XP level 4. HP: 21/23 MP: 3/5
  2495 | D:2      | Found a runed translucent door.
  2496 | D:2      | Noticed Crazy Yiuf
  3178 | D:3      | Reached skill level 3 in Fighting
  3178 | D:3      | Reached XP level 5. HP: 28/28 MP: 6/6
  4272 | D:4      | Reached XP level 6. HP: 33/33 MP: 7/7
  4274 | D:4      | Noticed a black bear
  4321 | D:4      | Killed a black bear
  4322 | D:4      | Reached skill level 4 in Fighting
  4322 | D:4      | Reached skill level 5 in Unarmed Combat
  4417 | D:4      | Reached XP level 7. HP: 30/38 MP: 5/8
  4495 | D:4      | Found an ancient bone altar of Kikubaaqudgha.
  4627 | D:4      | Noticed Sigmund
  5110 | D:5      | Entered Level 5 of the Dungeon
  5136 | D:5      | Reached skill level 5 in Fighting
  5423 | D:5      | Found a stormy altar of Qazlal.
  5455 | D:5      | Noticed a shadow
  5479 | D:5      | Gained mutation: You have razor-sharp teeth. [Vine Stalker
                  | growth]
  5479 | D:5      | Reached XP level 8. HP: 43/44 MP: 9/9
  5497 | D:5      | Noticed a hornet
  5779 | D:5      | Found a staircase to the Ecumenical Temple.
  5800 | Temple   | Entered the Ecumenical Temple
  5903 | Temple   | Became a worshipper of Ashenzari the Shackled
  5923 | D:5      | Noticed a wyvern
  5927 | D:5      | Gained mutation: You are covered in fur. (AC +1) [potion of
                  | mutation]
  5930 | D:5      | Reached skill level 6 in Fighting
  5935 | D:5      | Killed a wyvern
  6164 | D:5      | Killed a shadow
  6165 | D:5      | Reached skill level 7 in Fighting
  6175 | D:5      | Killed a hornet
  6176 | D:5      | Reached XP level 9. HP: 4/50 MP: 5/10
  6348 | D:5      | Noticed Eustachio
  6367 | D:5      | Killed Eustachio
  6591 | D:5      | Found the +7 staff of the Meek {protect, meekguard}
  6870 | D:6      | Found a glowing golden altar of the Shining One.
  6926 | D:6      | Noticed a troll
  6951 | D:6      | Killed a troll
  6952 | D:6      | Reached skill level 8 in Fighting
  7879 | D:7      | Identified the cursed +0 pair of boots "Tethered With Me"
                  | {Evo, Bglg} (You found it on level 1 of the Dungeon)
  7954 | D:7      | Reached skill level 10 in Unarmed Combat
  7971 | D:7      | Reached skill level 9 in Fighting
  7971 | D:7      | Reached XP level 10. HP: 58/58 MP: 9/11
  8368 | D:7      | Reached * piety under Ashenzari
  8474 | D:7      | Found a radiant altar of Vehumet.
  8973 | D:8      | Found a blossoming altar of Fedhas.
  9047 | D:8      | Reached ** piety under Ashenzari
  9081 | D:8      | Found a flagged portal.
  9111 | Bailey   | Entered a bailey
  9230 | Bailey   | Noticed an orc knight
  9239 | Bailey   | Noticed an orc warlord
  9239 | Bailey   | Killed an orc knight
  9251 | Bailey   | Reached skill level 10 in Fighting
  9268 | Bailey   | Killed an orc warlord
  9356 | Bailey   | Identified a scroll of acquirement
  9376 | Bailey   | Acquired 958 gold pieces
  9533 | D:8      | Found a staircase to the Lair.
  9549 | D:8      | Reached XP level 11. HP: 58/64 MP: 9/12
  9701 | D:8      | Reached skill level 11 in Fighting
  9877 | D:8      | Noticed a two-headed ogre
  9885 | D:8      | Killed a two-headed ogre
  9886 | D:8      | Reached skill level 1 in Shields
 10123 | D:8      | Found Wiafiefy's General Store.
 10129 | D:8      | Bought the ring of Shadows {Umbra +Inv Stlth+} for 480 gold
                  | pieces
 10129 | D:8      | Found the ring of Shadows {Umbra +Inv Stlth+}
 10129 | D:8      | Bought a potion of haste for 120 gold pieces
 10252 | D:8      | Found Lodyov's Antique Armour Emporium.
 10260 | D:8      | Bought a shiny scale mail for 245 gold pieces
 10724 | D:9      | Reached *** piety under Ashenzari
 10776 | D:9      | Found a shimmering altar of Xom.
 10777 | D:9      | Found a sparkling altar of Nemelex Xobeh.
 10778 | D:9      | Found a shadowy altar of Dithmenos.
 11096 | D:10     | Entered Level 10 of the Dungeon
 11145 | Lair:1   | Entered Level 1 of the Lair of Beasts
 11253 | Lair:1   | Reached skill level 1 in Armour
 11313 | Lair:1   | Reached **** piety under Ashenzari
 12183 | Lair:2   | Reached XP level 12. HP: 34/71 MP: 11/13
 12490 | Lair:2   | Reached skill level 12 in Fighting
 12567 | Lair:2   | Noticed Amaemon
 12602 | Lair:2   | Killed Amaemon
 12831 | Lair:2   | Found a staircase to the Swamp.
 13016 | Lair:2   | Noticed Gastronok
 13476 | Lair:3   | Reached skill level 13 in Fighting
 13570 | Lair:3   | Found a shimmering altar of Xom.
 13878 | Lair:3   | Noticed a skyshark
 13910 | Lair:3   | Killed a skyshark
 13911 | Lair:3   | Reached skill level 1 in Stealth
 13933 | Lair:3   | Found a hole to the Spider Nest.
 14045 | Lair:3   | Found a runed translucent gate.
 14046 | Lair:3   | Found a runed translucent gate.
 14047 | Lair:3   | Found a runed translucent gate.
 14206 | Lair:3   | Noticed Qook's ghost (journeyman MiBe)
 14436 | Lair:4   | Reached XP level 13. HP: 77/77 MP: 14/14
 14521 | Lair:4   | Reached skill level 5 in Stealth
 14521 | Lair:4   | Reached skill level 15 in Unarmed Combat
 15980 | Lair:5   | Entered Level 5 of the Lair of Beasts
 15990 | Lair:5   | Reached skill level 14 in Fighting
 16064 | Lair:5   | Identified the +1 morningstar of Bloody Death {freeze,
                  | *Corrode Fly rF+ Will++}
 16246 | Lair:5   | Reached ***** piety under Ashenzari
 16261 | Lair:5   | Noticed a dire elephant
 16262 | Lair:5   | Noticed a dire elephant
 16263 | Lair:5   | Noticed a dire elephant
 16419 | Lair:5   | Reached skill level 1 in Evocations
 16546 | Lair:5   | Killed a dire elephant
 16555 | Lair:5   | Killed a dire elephant
 16727 | Lair:5   | Killed a dire elephant
 16912 | Lair:5   | Identified the Vellum of Beckoning and the Evil Eye
 16967 | Lair:5   | Reached XP level 14. HP: 88/88 MP: 15/15
 17242 | Lair:5   | Reached skill level 15 in Fighting
 17407 | Lair:5   | Found a runed translucent gate.
 17407 | Lair:5   | Found a runed translucent gate.
 17407 | Lair:5   | Found a runed translucent gate.
 17408 | Lair:5   | Noticed bande's ghost (journeyman GrFi)
 17497 | Lair:5   | Found a viscous altar of Jiyva.
 18054 | D:10     | Found a burning altar of Makhleb.
 18272 | D:10     | Found the +3 robe of Clouds {*Thunder rCloud rElec}
 18424 | D:10     | Noticed Josephine
 18431 | D:10     | Killed Josephine
 18953 | D:11     | Found a flickering gateway to a bazaar.
 18975 | Bazaar   | Entered a bazaar
 18995 | Bazaar   | Found Wes Sabi's Magic Scroll Emporium.
 19017 | Bazaar   | Found Seufabats's Weapon Shoppe.
 19049 | Bazaar   | Found Cuv Jiag's Magic Scroll Shoppe.
 19060 | Bazaar   | Found Naggu's Armour Shoppe.
 19073 | Bazaar   | Found Joebait's Armour Emporium.
 19108 | Bazaar   | Bought 3 scrolls of blinking for 292 gold pieces
 19136 | Bazaar   | Bought the +0 buckler of Repulsion {rElec rF+++ rC- Regen+}
                  | for 418 gold pieces
 19136 | Bazaar   | Bought a +0 pair of gloves of dexterity for 103 gold pieces
 19166 | Bazaar   | Bought a scroll of fog for 52 gold pieces
 19166 | Bazaar   | Bought a scroll of fog for 52 gold pieces
 19198 | Bazaar   | Bought a +2 helmet of intelligence for 193 gold pieces
 19911 | D:12     | Found a staircase to the Orcish Mines.
 19964 | D:12     | Found a portal to a secret trove of treasure.
 20938 | D:13     | Reached skill level 16 in Fighting
 20938 | D:13     | Reached XP level 15. HP: 95/95 MP: 16/16
 21796 | D:14     | Reached skill level 1 in Spellcasting
 22115 | D:14     | Found a gate to the Vaults.
 22591 | D:14     | Found a white marble altar of Elyvilon.
 22789 | D:15     | Entered Level 15 of the Dungeon
 23222 | D:15     | Reached skill level 5 in Spellcasting
 23261 | D:15     | Noticed Azrael
 23275 | D:15     | Killed Azrael
 23454 | D:15     | Found Xapraaj's Magic Scroll Shoppe.
 23622 | D:15     | Reached skill level 17 in Fighting
 24065 | Orc:1    | Entered Level 1 of the Orcish Mines
 24141 | Orc:1    | Noticed an orc warlord
 24150 | Orc:1    | Reached XP level 16. HP: 102/102 MP: 28/28
 24274 | Orc:1    | Identified the +6 battleaxe "Boweek" {flame, rElec rN+
                  | rCorr}
 24671 | Orc:1    | Found the +7 great mace "Undeadhunter" {deathbane, rN+}
 24675 | Orc:1    | Identified the +0 plate armour of Lath {Str+4 Int-3 Dex+7}
 24679 | Orc:1    | Identified the +2 spear of Teixon {drain, Str+5 Int+7}
 24884 | Orc:2    | Entered Level 2 of the Orcish Mines
 24963 | Orc:2    | Found Ryli's Armour Boutique.
 24963 | Orc:2    | Noticed Nessos
 24972 | Orc:2    | Killed Nessos
 25010 | Orc:2    | Bought a +2 cloak of stealth for 279 gold pieces
 25060 | Orc:2    | Found Oguch's Armour Shoppe.
 25081 | Orc:2    | Noticed Rupert
 25098 | Orc:2    | Killed Rupert
 25282 | Orc:2    | Found Renun's Jewellery Shop.
 25346 | Orc:2    | Found Luemiud's Distillery.
 25346 | Orc:2    | Found Tiruziuck's Distillery.
 25361 | Orc:2    | Paralysed by an ogre mage for 3 turns
 25372 | Orc:2    | Reached skill level 5 in Evocations
 25380 | Orc:2    | Found Senkati's Armour Shoppe.
 25380 | Orc:2    | Found Lastint's Jewellery Boutique.
 25393 | Orc:2    | Bought a potion of curing for 51 gold pieces
 25393 | Orc:2    | Bought a potion of haste for 170 gold pieces
 25393 | Orc:2    | Bought a potion of magic for 136 gold pieces
 25398 | Orc:2    | Bought a potion of magic for 96 gold pieces
 25407 | Orc:2    | Found a staircase to the Elven Halls.
 25932 | Orc:1    | Found a transporter.
 25998 | Orc:1    | Found a transporter.
 25998 | Orc:1    | Found a runed translucent door.
 25998 | Orc:1    | Found a bloodstained altar of Trog.
 25998 | Orc:1    | Found the necklace of Bloodlust {Fury *Rage Will++ Int-3
                  | Slay+6}
 26004 | Orc:1    | Identified the +1 plate armour of Loss {Str+5}
 26249 | Orc:2    | Bought a +1 scale mail of poison resistance for 169 gold
                  | pieces
 26423 | Spider:1 | Entered Level 1 of the Spider Nest
 26511 | Spider:1 | Reached XP level 17. HP: 62/107 MP: 21/31
 26836 | Spider:1 | Reached skill level 5 in Throwing
 26897 | Spider:1 | Reached skill level 5 in Dodging
 26945 | Spider:1 | Noticed Agnes
 26954 | Spider:1 | Killed Agnes
 29505 | Spider:3 | Noticed Louise
 29528 | Spider:3 | Killed Louise
 29944 | Spider:4 | Entered Level 4 of the Spider Nest
 30336 | Spider:4 | Noticed Asterion
 30347 | Spider:4 | Killed Asterion
 30348 | Spider:4 | Reached XP level 18. HP: 93/116 MP: 9/35
 30632 | Spider:4 | Noticed Arachne
 30649 | Spider:4 | Killed Arachne
 31045 | Spider:4 | Got a gossamer rune of Zot
 31491 | Spider:4 | Reached skill level 5 in Armour
 32047 | Swamp:1  | Entered Level 1 of the Swamp
 32049 | Swamp:1  | Identified the staff of death "Ufioxen" {Fly rN+ Str+4
                  | Dex-3}
 32820 | Swamp:1  | Noticed Nikola
 32832 | Swamp:1  | Killed Nikola
 33416 | Swamp:2  | Found a runed translucent door.
 33835 | Swamp:2  | Found the +3 Elemental Staff {rElec rF++ rC++ AC+5}
 33835 | Swamp:2  | Identified the +3 ring mail of Servitude {rN+ Dex+3 SInv
                  | Stlth-}
 33837 | Swamp:2  | Reached XP level 19. HP: 122/122 MP: 37/37
 33929 | Swamp:3  | Noticed Jorgrun
 34194 | Swamp:3  | Killed Jorgrun
 34495 | Swamp:4  | Entered Level 4 of the Swamp
 34655 | Swamp:4  | Reached skill level 10 in Throwing
 34815 | Swamp:4  | Got a decaying rune of Zot
 34968 | Swamp:4  | Paralysed by a hornet for 1 turns
 35391 | Elf:1    | Entered Level 1 of the Elven Halls
 35456 | Elf:1    | Identified the +9 flail of Income {drain, Dex+5}
 35618 | Elf:1    | Found a transporter.
 35620 | Elf:1    | Found a transporter.
 35630 | Elf:1    | Found a transporter.
 35630 | Elf:1    | Found a transporter.
 35632 | Elf:1    | Found a transporter.
 35632 | Elf:1    | Found a transporter.
 35713 | Elf:1    | Identified Seecept's Codex of Open Graves
 35774 | Elf:1    | Found Luvaphist's Jewellery Shoppe.
 35830 | Elf:1    | Reached skill level 10 in Armour
 36652 | Elf:2    | Found a huge runed translucent gate.
 36652 | Elf:2    | Found a huge runed translucent gate.
 36652 | Elf:2    | Found a huge runed translucent gate.
 36652 | Elf:2    | Found a huge runed translucent gate.
 36657 | Elf:2    | Found a huge runed translucent gate.
 36787 | Elf:2    | Reached XP level 20. HP: 101/127 MP: 32/39
 36875 | Elf:2    | Reached skill level 10 in Spellcasting
 37182 | Elf:3    | Entered Level 3 of the Elven Halls
 37829 | Elf:3    | Reached skill level 5 in Shields
 38366 | Elf:3    | Reached skill level 10 in Evocations
 38430 | Elf:3    | Identified the +2 robe of Tiunoafyc {*Corrode rF- Int+4
                  | Archmagi}
 38484 | Elf:3    | Identified the amulet "Qixkiowk" {Spirit Fly rPois Regen+
                  | Dex+2}
 38495 | Elf:3    | Identified Sif Muna's Volume of Therianthropy
 38577 | Elf:3    | Identified Dajiriupre's Almanac of Unstable Arson
 38577 | Elf:3    | Identified the +2 pair of gloves of Purpose {rF+}
 38577 | Elf:3    | Identified the +2 ring mail of the Gloaming {Regen+ SInv}
 38578 | Elf:3    | Identified the +0 chain mail of Modesty {rPois rC+}
 38579 | Elf:3    | Identified the Handbook of Resurrection and the Tektite
 38671 | Elf:3    | Identified the Discursus on Reshaped Conduction
 38671 | Elf:3    | Identified the +1 rapier "Keysank" {elec, Int+5}
 38678 | Elf:3    | Found the +8 Vampire's Tooth {megavamp}
 38686 | Elf:3    | Identified the +0 scale mail of Defiance {rElec}
 40067 | Vaults:1 | Entered Level 1 of the Vaults
 40108 | Vaults:1 | Reached skill level 1 in Conjurations
 40123 | Vaults:1 | Identified the +8 scale mail of the Orcish Mines {rF+ rC+
                  | Int+4}
 40622 | Vaults:1 | Reached XP level 21. HP: 117/132 MP: 41/41
 41338 | Vaults:1 | Reached skill level 5 in Conjurations
 42297 | Vaults:2 | Noticed Frederick
 42307 | Vaults:2 | Killed Frederick
 42715 | Vaults:2 | Noticed Xtahua
 42784 | Vaults:2 | Killed Xtahua
 42891 | Vaults:2 | Found a staircase to the Crypt.
 43750 | Vaults:3 | Reached XP level 22. HP: 93/137 MP: 42/42
 44039 | Vaults:3 | Identified the ring of Modesty {rElec Dex+6}
 44111 | Vaults:3 | Noticed an ancient lich
 44121 | Vaults:3 | Killed an ancient lich
 45324 | Vaults:4 | Reached skill level 1 in Short Blades
 45336 | Vaults:4 | Found Lolepri's Antique Armour Emporium.
 46200 | Vaults:4 | Identified the +1 chain mail "Naluf" {Int+2}
 46289 | Vaults:4 | Reached XP level 23. HP: 143/143 MP: 43/43
 46639 | Vaults:5 | Entered Level 5 of the Vaults
 46639 | Vaults:5 | Identified the ring of the Snail {rElec rF+ Str+6}
 47224 | Vaults:4 | Reached XP level 24. HP: 95/148 MP: 36/43
 47593 | Vaults:5 | Noticed an ancient lich
 47740 | Vaults:5 | Found Dioshrin's Distillery.
 47817 | Vaults:5 | Found Nilayrea's Magic Scroll Boutique.
 47821 | Vaults:5 | Bought a scroll of blinking for 120 gold pieces
 47856 | Vaults:5 | Found Jarar's Magic Scroll Shoppe.
 47856 | Vaults:5 | Found Qius's Magic Scroll Shop.
 47868 | Vaults:5 | Bought a scroll of teleportation for 63 gold pieces
 47868 | Vaults:5 | Bought a scroll of teleportation for 63 gold pieces
 47876 | Vaults:5 | Found Harihyo's Magic Scroll Shoppe.
 47881 | Vaults:5 | Bought a scroll of fog for 96 gold pieces
 47881 | Vaults:5 | Bought a scroll of fog for 96 gold pieces
 47881 | Vaults:5 | Bought a scroll of poison for 96 gold pieces
 48378 | Vaults:5 | Killed an ancient lich
 48730 | Vaults:5 | Identified Sif Muna's Incunable of Conjuring and Execration
 48874 | Vaults:5 | Got a silver rune of Zot
 49439 | Vaults:5 | Identified the +0 chain mail of the Komodo Dragon {rF+
                  | Str+3}
 49837 | Crypt:1  | Entered Level 1 of the Crypt
 50250 | Crypt:1  | Reached XP level 25. HP: 139/153 MP: 43/43
 50398 | Crypt:1  | Reached skill level 5 in Short Blades
 50788 | Crypt:1  | Identified the Omnibus of the Familiar
 51588 | Crypt:2  | Reached skill level 10 in Stealth
 52108 | Vaults:4 | Bought spiked gold dragon scales for 3740 gold pieces
 52108 | Vaults:4 | Identified the +6 gold dragon scales "Esoivip" {rPois rF+
                  | rC+ Int+3} (You bought it in a shop on level 4 of the
                  | Vaults)
 52315 | Crypt:3  | Entered Level 3 of the Crypt
 52543 | Crypt:3  | Noticed Vv
 52566 | Crypt:3  | Killed Vv
 53003 | Crypt:3  | Found an ancient bone altar of Kikubaaqudgha.
 53003 | Crypt:3  | Found a basalt altar of Yredelemnul.
 53074 | Crypt:3  | Found the +0 mask of the Dragon {Will+ Slay+3 SInv}
 53464 | Crypt:3  | Found the +8 demon blade "Leech" {evervamp, Harm Drain rN+}
 53656 | Crypt:3  | Found a staircase to the Tomb.
 54084 | D:15     | Found a staircase to the Depths.
 54355 | Orc:2    | Bought the ring of Docuohin {Fire rCorr Str+3 Int+3 Stlth-}
                  | for 732 gold pieces
 54516 | Lair:2   | Killed Gastronok
 54600 | Lair:5   | Found a staircase to the Slime Pits.
 54825 | Slime:1  | Entered Level 1 of the Pits of Slime
 55255 | Slime:3  | Reached XP level 26. HP: 151/151 MP: 43/43
 55285 | Slime:5  | Entered Level 5 of the Pits of Slime
 55550 | Slime:5  | Reached skill level 15 in Spellcasting
 55696 | Slime:5  | Noticed the Royal Jelly
 55715 | Slime:5  | Killed the Royal Jelly
 55735 | Slime:5  | Identified the Verses on the Collective Chill
 55739 | Slime:5  | Identified the ring "Meareyle" {+Blink rF+++ Will+ MP-9
                  | Str+6}
 55739 | Slime:5  | Identified the +2 mace "Grim" {protect, rF+ Str+3 Dex+3}
 55739 | Slime:5  | Identified Yvaph's Compilation of Sculpting and Allies
 55789 | Slime:5  | Got a slimy rune of Zot
 55796 | Slime:5  | Identified the ring "Pilyleh" {Drain rElec rCorr Stlth+}
 55820 | Slime:5  | Identified the staff of death "Gyujul" {rPois rC- rN+ Str+2
                  | Int+4}
 55820 | Slime:5  | Identified the amulet of Vocamoi {Regen+ SInv}
 56486 | Lair:5   | Killed bande's ghost
 56733 | Lair:3   | Killed Qook's ghost
 56864 | Lair:3   | Upgraded the game from 0.30-a0-913-g9934a0ce24 to
                  | 0.30-a0-918-g0ff054e9dc
 57237 | Depths:1 | Entered Level 1 of the Depths
 57448 | Depths:1 | Found a shimmering altar of Xom.
 57448 | Depths:1 | Identified the +4 ring mail of Fibopp {+Blink rElec Str+2}
 57639 | Depths:1 | Found a one-way gate to the infinite horrors of the Abyss.
 57733 | Depths:1 | Found a gateway to Hell.
 57736 | Depths:1 | Reached skill level 18 in Fighting
 57766 | Depths:1 | Found Caonk's Book Shop.
 57769 | Depths:1 | Found Qistro's Jewellery Shoppe.
 57771 | Depths:1 | Found Usuh's Book Shop.
 58328 | Depths:2 | Reached skill level 19 in Fighting
 58344 | Depths:2 | Found a white marble altar of Elyvilon.
 58504 | Depths:2 | Identified the +1 glaive of Fear {antimagic, Str+3}
 58603 | Depths:2 | Found a one-way gate leading to the halls of Pandemonium.
 58695 | Depths:2 | Found a one-way gateway to a ziggurat.
 58985 | Depths:2 | Reached XP level 27. HP: 155/160 MP: 39/48
 59042 | Depths:2 | Identified the staff of air "Biawil" {rElec Str+3 Dex+3}
 59042 | Depths:2 | Identified the staff of poison "Ycsubuliokk" {rElec rPois
                  | rC+ Int+4 Dex+4}
 59121 | Depths:2 | Reached skill level 20 in Fighting
 59264 | Depths:3 | Found a blossoming altar of Fedhas.
 60712 | Depths:4 | Entered Level 4 of the Depths
 60727 | Depths:3 | Reached skill level 21 in Fighting
 61164 | Depths:4 | Found a gate to the Realm of Zot.
 61378 | Depths:4 | Reached skill level 22 in Fighting
 62194 | Zot:1    | Entered Level 1 of the Realm of Zot
 62831 | Zot:1    | Found a runed translucent gate.
 62831 | Zot:1    | Found an ancient bone altar of Kikubaaqudgha.
 62832 | Zot:1    | Found a runed translucent gate.
 62832 | Zot:1    | Found a runed translucent gate.
 62833 | Zot:1    | Noticed a dread lich
 62833 | Zot:1    | Identified the ring "Juemul" {AC+4 Stlth+}
 62835 | Zot:1    | Noticed a dread lich
 62835 | Zot:1    | Noticed Wysooluir's ghost (veteran OgBe)
 62835 | Zot:1    | Identified the +1 pair of gloves of Noughts and Crosses
                  | {rF+ Dex+4}
 62835 | Zot:1    | Noticed an ancient lich
 62835 | Zot:1    | Noticed an ancient lich
 62836 | Zot:1    | Identified the +6 flail of Purpose {freeze, rElec Str+3
                  | Dex+3}
 63123 | Zot:1    | Reached skill level 23 in Fighting
 63832 | Zot:2    | Found the +4 dragonskin cloak
 63832 | Zot:2    | Noticed Tiamat
 65210 | Zot:2    | Killed Tiamat
 65457 | Zot:3    | Noticed an orb of fire
 65468 | Zot:3    | Killed an orb of fire
 65636 | Zot:3    | Found a transporter.
 65637 | Zot:3    | Identified the +2 cloak of Inquiry {Contam Slay+4}
 65637 | Zot:3    | Identified the ring "Safferph" {Fly rElec rF+++ rC+ rN+}
 65650 | Zot:3    | Found a transporter.
 65706 | Zot:3    | Reached skill level 24 in Fighting
 65951 | Zot:3    | Upgraded the game from 0.30-a0-918-g0ff054e9dc to
                  | 0.30-a0-920-g7493c07aab
 66603 | Hell     | Entered the Vestibule of Hell
 66608 | Hell     | Noticed Geryon
 66620 | Hell     | Reached skill level 10 in Dodging
 70090 | Hell     | Found a gateway to the ashen valley of Gehenna.
 70315 | Hell     | Killed Geryon
 70366 | Hell     | Found a gateway to the freezing wastes of Cocytus.
 70680 | Hell     | Found a gateway to the Iron City of Dis.
 70835 | Hell     | Found a gateway to the decaying netherworld of Tartarus.
 71289 | Vaults:5 | Bought a potion of magic for 120 gold pieces
 71289 | Vaults:5 | Bought a potion of berserk rage for 75 gold pieces
 71671 | Depths:1 | Voluntarily entered the Abyss.
 71702 | Abyss:1  | Found a corrupted altar of Lugonu.
 71705 | Abyss:1  | Found a corrupted altar of Lugonu.
 71738 | Abyss:1  | Found a corrupted altar of Lugonu.
 71768 | Abyss:1  | Found a corrupted altar of Lugonu.
 72171 | Abyss:2  | Gained mutation: You are weak. (Str -2) [a cacodemon]
 72188 | Abyss:2  | Reached skill level 10 in Shields
 72317 | Abyss:2  | Found a corrupted altar of Lugonu.
 72468 | Abyss:2  | Found a corrupted altar of Lugonu.
 72601 | Abyss:3  | Found a corrupted altar of Lugonu.
 72604 | Abyss:3  | Found a corrupted altar of Lugonu.
 72607 | Abyss:3  | Found a corrupted altar of Lugonu.
 72807 | Abyss:3  | Got an abyssal rune of Zot
 72893 | Depths:1 | Escaped the Abyss
 73270 | Zig:1    | Entered Level 1 of a ziggurat
 73291 | Zig:2    | Entered Level 2 of a ziggurat
 73311 | Zig:3    | Entered Level 3 of a ziggurat
 73311 | Zig:3    | Found the ring of the Tortoise {AC+8}
 73596 | Zig:4    | Entered Level 4 of a ziggurat
 73894 | Zig:5    | Entered Level 5 of a ziggurat
 73894 | Zig:5    | Identified Fecykhia's Opusculum on the Moving Tektite
 73901 | Zig:5    | Identified the +8 falchion of Famine {protect, rElec rC+
                  | Stlth+}
 73910 | Zig:5    | Identified the staff of air "Naprel" {rElec rPois rF+
                  | Int+2}
 73949 | Zig:6    | Entered Level 6 of a ziggurat
 74101 | Zig:7    | Entered Level 7 of a ziggurat
 74103 | Zig:7    | Identified the amulet "Mymer" {Faith rC+ Slay+2}
 74104 | Zig:7    | Noticed a dread lich
 74104 | Zig:7    | Identified the Handbook of Mercurial Mustering
 74106 | Zig:7    | Paralysed by a floating eye for 4 turns
 74118 | Zig:7    | Killed a dread lich
 74300 | Depths:2 | Upgraded the game from 0.30-a0-920-g7493c07aab to
                  | 0.30-a0-939-gc8157cb160
 75413 | Zot:4    | Reached skill level 15 in Stealth
 76028 | Zot:5    | Entered Level 5 of the Realm of Zot
 76534 | Zot:5    | Noticed an ancient lich
 76554 | Zot:5    | Killed an ancient lich
 76847 | Zot:5    | Noticed an orb of fire
 76860 | Zot:5    | Killed an orb of fire
 77183 | Zot:5    | Noticed an ancient lich
 77187 | Zot:5    | Killed an ancient lich
 77479 | Zot:5    | Got the Orb of Zot
 77521 | Zot:5    | Noticed Dumi the pandemonium lord
 77536 | Zot:5    | Killed Dumi the pandemonium lord
 77594 | Zot:4    | Noticed Weph the pandemonium lord
 77594 | Zot:4    | Noticed an ancient lich
 77594 | Zot:4    | Noticed an ancient lich
 77662 | Zot:3    | Noticed Giducheene the pandemonium lord
 77667 | Zot:3    | Noticed Cink the pandemonium lord
 77671 | Zot:3    | Killed Giducheene the pandemonium lord
 78055 | D:9      | Noticed a seraph
 78070 | D:9      | Killed a seraph
 78308 | D:$      | Escaped with the Orb!

Illustrated notes

Levels and vault maps discovered:
D:1:      erik_arrival_blinker_ship, layout_basic,
          nicolae_ecumenical_snake_handling
D:2:      layout_loops_corners, serial_rivers, chequers_serial_rivers_large_a,
          chequers_serial_rivers_micro_e, chequers_serial_rivers_small_a,
          chequers_serial_rivers_small_3, chequers_serial_rivers_micro_a,
          uniq_crazy_yiuf_cottage
D:3:      layout_basic, grunt_ministairs_2
D:4:      layout_basic, nicolae_overflow_crystal_walls, uniq_sigmund
D:5:      layout_loops_ring, old_standard_altar, minmay_temple_entry_crystal_x,
          st_stairs_3, pf_guarded_unrand_meek, uniq_eustachio
D:6:      layout_basic, mainiacjoe_overflow_alcove_1, serial_demonic,
          serial_demonic_d, serial_demonic_b, serial_demonic_b, serial_demonic_b
D:7:      layout_cave_pods, nicolae_vehumet_radiance, roderic_lattice_a,
          amcnicky_mini_rare_corridor_liquid, feat_on_display
D:8:      layout_loops_ring, amcnicky_altar_gilded, erik_lair_orcish_takeover,
          enter_bailey_4, serial_shops, nicolae_square_shop, nicolae_square_shop
D:9:      layout_small_grid, chequers_temple_overflow_statue_of_worship
D:10:     minmay_chopped_fan, layout_basic, mainiacjoe_overflow_alcove_2,
          uniq_josephine
D:11:     layout_roguey, serial_shops, bzr_in_the_mist
D:12:     layout_basic, orc_0_dummy, enter_trove_6
D:13:     layout_irregular_city, kennysheep_small_circle
D:14:     layout_cave_pods, hangedman_vaults_entry_quadrant_bands,
          portal_ice_cave_entry_ice_statue_two, lemuel_doored_altar
D:15:     grunt_enter_depths_hoard, layout_grid_maze, serial_shops,
          nicolae_shop_behind_doors, chequers_serial_rivers_micro_d, hex_medium,
          uniq_azrael
Temple:   hellmonk_temple_forest_ring
Lair:1:   layout_cave_pods
Lair:2:   layout_hall_layers, minmay_swamp_entry_swarm, minivault_27,
          uniq_gastronok, uniq_amaemon
Lair:3:   layout_layer_cave, dummy_spider_entry, basic_altar,
          gammafunk_ghost_icy
Lair:4:   layout_layer_cave, chequers_serial_rivers_room_a, grunt_megastairs_2,
          lemuel_fruit_tree
Lair:5:   due_jungle_book, layout_cave_shapes,
          minmay_slime_entry_oklob_enclosed, gammafunk_ghost_necromancy
Swamp:1:  layout_basic_swamp, evilmike_swamp_ruin_house_4, uniq_nikola
Swamp:2:  gammafunk_mikee_crab_dinner, layout_falls_marsh,
          evilmike_swamp_ruin_rubble_2
Swamp:3:  layout_basic_swamp, evilmike_swamp_ruin_house_3, swamp_pool3,
          uniq_jorgrun
Swamp:4:  swamp_alternative, layout_basic_swamp, swamp_pool1,
          infiniplex_staircase_pool
Spider:1: layout_spider_delve, nicolae_spider_claw_tunnel, uniq_agnes
Spider:2: layout_chambers
Spider:3: layout_spider_delve, uniq_louise
Spider:4: grunt_spider_rune_island, uniq_arachne, uniq_asterion
Slime:1:  nicolae_slime_infinislime, layout_caves,
          nicolae_slime_getting_an_eyeful
Slime:2:  layout_caves
Slime:3:  layout_caves
Slime:4:  layout_caves, nicolae_slime_phagocytosis
Slime:5
Orc:1:    emtedronai_trogs_sanctum, layout_caves, basic_altar,
          minmay_orc_treasury
Orc:2:    st_orc_ogre_mass, layout_caves, serial_shops, nicolae_shop_waterfront,
          shop_fountains, minmay_shop_enchanted_jewellery, uniq_rupert,
          uniq_nessos
Elf:1:    minmay_elf_arrival_summoners, layout_geoelf_grid, serial_shops, shop,
          minmay_elf_necromancy, serial_nicolae_subway,
          nicolae_sub_station_stone, nicolae_sub_station_crystal,
          nicolae_sub_station_metal, grunt_megastairs_5
Elf:2:    elven_hall_of_blades_hangedman_alternative
          [mumra_blade_entry_bloodbath], layout_gridlike,
          nicolae_elf_stone_circles, minivault_16, chequers_big_river,
          guppyfry_elf_castle
Elf:3:    minmay_elf_hall_spiked, layout_geoelf_grid
Vaults:1: vaults_room_boxed, st_octagons_2, grunt_vaults_focal,
          nicolae_vaults_angled_halls, v_misc_19,
          ontoclasm_vaults_decontamination, v_misc_16, vaults_mumra_lcd,
          vaults_room_stairs_pillars, vaults_dpeg_encased_lava,
          nicolae_vaults_little_squares_3, hangedman_vaults_restitches,
          layout_vaults_omnicross
Vaults:2: minmay_crypt_entry_simple_corners, nicolae_vaults_murderbox,
          hangedman_vaults_snaps, v_misc_33, nicolae_vaults_network_star,
          v_alt_pattern_2, grunt_vaults_bifocal, v_alt_pattern_5,
          vaults_room_door_ring, serial_ice_g, layout_vaults_quadrants,
          uniq_frederick, uniq_xtahua
Vaults:3: nicolae_vaults_network_s, vaults_room_octagon,
          hangedman_vaults_restitches, nicolae_vaults_ninety_degrees,
          vaults_room_hallway, vaults_room_grunt_arrival_ludios,
          dpeg_vaults_monster_row, v_pattern_5, nicolae_vaults_theta, st_check,
          vaults_room_grid, ontoclasm_vaults_loading_screen,
          layout_vaults_maze_bifur
Vaults:4: nicolae_vaults_network_quinsquares
          [nicolae_vaults_network_quincunx_subvault,
          nicolae_vaults_network_quincunx_subvault,
          nicolae_vaults_network_quincunx_subvault,
          nicolae_vaults_network_quincunx_subvault], nicolae_vaults_rhombus_5,
          v_misc_30, hangedman_vaults_stretched_pinwheel,
          vaults_room_stairs_pillars, v_misc_4, ontoclasm_vaults_idyll,
          ontoclasm_vaults_idyll, v_alt_pattern_6, layout_vaults_omnibox,
          serial_shops, nicolae_shop_stone
Vaults:5
Crypt:1:  layout_chaotic_city, eino_tiny_chamber,
          grunt_crypt_arrival_guarded_gate, uniq_josephina
Crypt:2:  layout_misc_corridors
Crypt:3:  lightli_unholy_cathedral, layout_chaotic_city,
          nicolae_tomb_entry_unfolded_pyramid_orthogonal, uniq_vv
Depths:1: layout_twisted_cross, abyss_entry, minmay_misc_feat_four_crosses,
          hell_entry, xom_confusion_cloud, minmay_shop_grove
Depths:2: minmay_the_grid_triangle_9x9_rhombus_full
          [minmay_the_grid_triangle_9x9_windchime,
          minmay_the_grid_triangle_9x9_checkered,
          minmay_the_grid_triangle_9x9_zippers_horizontal,
          minmay_the_grid_triangle_9x9_semitri,
          minmay_the_grid_triangle_9x9_longest,
          minmay_the_grid_triangle_9x9_flanged_cone,
          minmay_the_grid_triangle_9x9_stretched_checkered,
          minmay_the_grid_triangle_9x9_prize_top_heavy], layout_gridville,
          enter_ziggurat_e, elyvilon_altar_3, pf_vacation_house_of_asmodeus,
          rand_demon_pan_entry_4
Depths:3: minmay_inner_zag, layout_gridlike, grunt_hell_entry_demonic_statue,
          fedhas_altar_3, hangedman_abyss_entry_splay
Depths:4: grunt_zot_entry_hairpin, layout_gridlike, grunt_pan_entry_in_and_out,
          abyss_entry_crystal, chequers_serial_rivers_micro_e,
          hangedman_tar_grid_catacomb
Hell
Zot:1:    layout_gridlike, gammafunk_ghost_crypt
Zot:2:    layout_onion_interference, uniq_tiamat
Zot:3:    gammafunk_sealed_arena, layout_basic, zot_minivault_4
Zot:4:    layout_gridlike
Zot:5:    layout_misc_corridors, lemuel_golem_globe

Skill      XL: |  1  2  3  4  5  6  7  8  9 10 11 12 13 14 15 16 17 18 19 20 21 22 23 24 25 26 27 |
---------------+----------------------------------------------------------------------------------+-----
Fighting       | 2 3 4 5 7 9 10 11 13 14 16 17 19 24 | 24.5
Throwing       | 2 4 7 8 11 12 | 12.9
Unarmed Combat | 4 5 6 8 10 11 13 14 15 17 18 19 21 23 | 23.1
Shields        | 3 8 10 | 10.9
Armour         | 2 8 10 13 14 | 14.5
Stealth        | 3 6 8 9 11 18 | 18.9
Evocations     | 3 4 5 7 8 11 12 | 12.9
Spellcasting   | 5 7 8 9 10 14 18 21 | 21.9
Dodging        | 4 7 9 12 | 12.8
Conjurations   | 2 9 |  9.4
Short Blades   | 2 4 5 |  5.8

Action                     |  1- 3 |  4- 6 |  7- 9 | 10-12 | 13-15 | 16-18 | 19-21 | 22-24 | 25-27 || total
---------------------------+-------+-------+-------+-------+-------+-------+-------+-------+-------++-------
  Melee: Unarmed           |    89 |   151 |   322 |   566 |   862 |  1231 |  1081 |   725 |  2835 ||  7862
         Bite              |    25 |    49 |   100 |   208 |   352 |   490 |   529 |   509 |  1597 ||  3859
         Punch             |     2 |     1 |       |       |       |       |       |       |       ||     3
         Quick blade       |       |       |       |       |       |       |       |   161 |       ||   161
  Throw: Javelin           |     1 |       |     5 |       |     2 |     4 |     7 |     1 |    20 ||    40
         Throwing net      |       |     2 |     2 |       |       |       |       |       |       ||     4
         Dart              |       |       |     2 |     3 |     6 |     2 |       |       |       ||    13
         Boomerang         |       |       |       |     4 |       |    24 |    46 |    70 |   441 ||   585
 Invoke: Curse Item        |       |       |     1 |     6 |     4 |     4 |     2 |       |     5 ||    22
         Shatter the Chain |       |       |       |       |     2 |     4 |     2 |       |     5 ||    13
Ability: Evoke Blink       |       |       |       |       |       |       |       |       |     3 ||     3
         Evoke Invisibilit |       |       |       |       |       |       |       |       |     1 ||     1
  Evoke: Wand              |       |       |       |     3 |     3 |    11 |     8 |    11 |     7 ||    43
         Phantom mirror    |       |       |       |       |     2 |       |       |       |     2 ||     4
         Tin of tremorston |       |       |       |       |       |     1 |     5 |     2 |     6 ||    14
         Box of beasts     |       |       |       |       |       |       |       |     1 |     3 ||     4
         Phial of floods   |       |       |       |       |       |       |       |       |     1 ||     1
         Condenser vane    |       |       |       |       |       |       |       |       |     3 ||     3
         Horn of Geryon    |       |       |       |       |       |       |       |       |     2 ||     2
    Use: Scroll            |       |     9 |     9 |     2 |     6 |     6 |     6 |    12 |    14 ||    64
         Potion            |       |       |     6 |     3 |     2 |     4 |       |     8 |    18 ||    41
   Stab: Sleeping          |       |     2 |     1 |       |    30 |    45 |    22 |    21 |     2 ||   123
         Held in net/web   |       |     2 |       |       |       |       |       |       |       ||     2
         Invisible         |       |       |       |       |     3 |    18 |       |       |     9 ||    30
         Distracted        |       |       |       |       |     1 |     6 |     2 |     8 |     7 ||    24
 Armour: Leather armour    |    24 |    28 |    39 |    10 |       |       |       |       |       ||   101
         Skin              |       |       |    26 |    14 |       |       |       |       |       ||    40
         Scale mail        |       |       |       |    62 |   151 |   433 |   162 |       |       ||   808
         Chain mail        |       |       |       |       |       |       |   223 |   257 |    76 ||   556
         Gold dragon scale |       |       |       |       |       |       |       |       |  1231 ||  1231
  Dodge: Dodged            |    59 |    77 |   222 |   243 |   347 |   785 |   579 |   367 |  1281 ||  3960
  Block: Buckler           |       |    10 |    84 |   199 |   314 |   394 |   292 |   216 |   878 ||  2387
         Reflection        |       |       |       |     2 |    19 |     7 |       |       |       ||    28

Table legend: (Time is in decaauts)
 A = Elapsed time spent in this place.
 B = Non-inter-level travel time spent in this place.
 C = Inter-level travel time spent in this place.
 D = Time resting spent in this place.
 E = Time spent auto-exploring this place.
 F = Levels seen in this place.
 G = Mean time per level.
                   A        B        C        D        E       F      G
               +--------+--------+--------+--------+--------+-----+--------+
         Total |  75587 |  68876 |   6711 |  17499 |  30246 |  69 | 1095.5 |
       Dungeon |  18126 |  15851 |   2275 |   2589 |   8650 |  15 | 1208.4 |
        Temple |    111 |    103 |      8 |      0 |     88 |   1 |  111.0 |
          Lair |   7637 |   7099 |    538 |   1596 |   3721 |   5 | 1527.4 |
         Swamp |   3266 |   3019 |    247 |    643 |   1384 |   4 |  816.5 |
   Spider Nest |   5378 |   5215 |    163 |   1233 |   2532 |   4 | 1344.5 |
    Slime Pits |   1416 |   1406 |     10 |    443 |    224 |   5 |  283.2 |
  Orcish Mines |   2219 |   1948 |    271 |     33 |   1085 |   2 | 1109.5 |
   Elven Halls |   4315 |   4133 |    182 |    621 |   2018 |   3 | 1438.3 |
        Vaults |   9990 |   8479 |   1511 |   2496 |   3553 |   5 | 1998.0 |
         Crypt |   3363 |   3099 |    264 |    236 |   1710 |   3 | 1121.0 |
        Depths |   8986 |   8253 |    733 |   3922 |   2859 |   4 | 2246.5 |
          Hell |    727 |    727 |      0 |    126 |    306 |   1 |  727.0 |
           Zot |   7304 |   6800 |    504 |   2802 |   1612 |   5 | 1460.8 |
         Abyss |   1114 |   1114 |      0 |     58 |    395 |   3 |  371.3 |
      Ziggurat |    979 |    979 |      0 |    685 |      0 |   7 |  139.9 |
        Bazaar |    285 |    285 |      0 |      0 |     13 |   1 |  285.0 |
        Bailey |    363 |    363 |      0 |     13 |     92 |   1 |  363.0 |
               +--------+--------+--------+--------+--------+-----+--------+

Top non-repeatable levels by time:
Depths:4: 5020 daAuts
   Zot:1: 2734 daAuts
Vaults:1: 2268 daAuts
Vaults:5: 2195 daAuts
  Lair:5: 2164 daAuts
Vaults:4: 2098 daAuts
Vaults:2: 1757 daAuts
  Lair:4: 1737 daAuts
   Elf:2: 1722 daAuts
Spider:4: 1709 daAuts
Vaults:3: 1670 daAuts
    D:15: 1662 daAuts
     D:2: 1661 daAuts
     D:4: 1627 daAuts
Spider:2: 1570 daAuts
